 Dungeon Crawl Stone Soup version 0.14-a0-1837-g7fb8695 (webtiles) character file.

219 Mitsuki the Grave Robber (level 4, -4/30 HPs)
             Began as a Mummy Necromancer on Jan 10, 2014.
             Slain by mathso's ghost (14 damage)
             ... in a sewer.
             The game lasted 00:15:22 (3303 turns).

Mitsuki the Grave Robber (Mummy Necromancer)        Turns: 3303, Time: 00:15:23

HP  -4/30        AC  2     Str 11      XL: 4   Next: 80%
MP   8/8         EV 12     Int 15      God:
Gold 96          SH  0     Dex 12      Spells:  3 memorised,  3 levels left

rFire  x . .     SeeInvis .     (no weapon)
rCold  + . .     Clarity  .     a - +0 robe
rNeg   + + +     Conserve .     (no shield)
rPois  +         rCorr    .     (no helmet)
rElec  .         rRot     +     (no cloak)
SustAb . .       Spirit   .     (no gloves)
rMut   .         Warding  .     (no boots)
Saprov . . .     Stasis   .     (no amulet)
                                (no ring)
                                (no ring)

@: slightly resistant to hostile enchantments, very unstealthy
A: no food or potions, fire vulnerability, restore body, cold resistance 1, life
protection 3, poison resistance, torment resistance, unbreathing
a: no special abilities


You were in a sewer.
You were not hungry.

You visited 1 branch of the dungeon, and saw 3 of its levels.
You also visited: Sewer.

You collected 96 gold pieces.

Inventory:

Armour
 a - a +0 robe (worn)
Scrolls
 f - 2 scrolls of fear {unknown}
 g - 2 scrolls of teleportation
 i - a scroll of immolation
 j - a scroll of curse jewellery {unknown}
Jewellery
 c - an uncursed ring of poison resistance {unknown}
 d - an uncursed amulet of the gourmand {unknown}
 e - an uncursed ring of protection from cold {unknown}
 k - a +3 ring of dexterity {unknown}
Books
 b - a book of Necromancy

   Spells                             Type                      Level
   *Pain                              Necromancy                   1
   *Animate Skeleton                  Necromancy                   1
   Lethal Infusion                    Charms/Necromancy            2
   *Vampiric Draining                 Necromancy                   3
   Regeneration                       Charms/Necromancy            3
   Animate Dead                       Necromancy                   4
   Control Undead                     Necromancy                   4


   Skills:
 - Level 1.5 Dodging
 - Level 1.5 Stealth
 + Level 2.6 Spellcasting
 + Level 5.9 Necromancy


You had 3 spell levels left.
You knew the following spells:

 Your Spells              Type           Power        Failure   Level  Hunger
a - Pain                  Necr           ###.         1%          1    N/A
b - Animate Skeleton      Necr           N/A          1%          1    N/A
c - Vampiric Draining     Necr           ###.......   6%          3    N/A

Dungeon Overview and Level Annotations

Branches:
Dungeon (3/16)

Altars:
Nemelex Xobeh
Yredelemnul

Annotations:
Sewer mathso's ghost, average HEGl


Innate Abilities, Weirdness & Mutations

You do not eat or drink.
Your flesh is vulnerable to fire.
Your flesh is cold resistant.
You are immune to negative energy.
Your system is resistant to poisons.
You are immune to unholy pain and torment.
You can survive without breathing.


Message History

Your giant gecko skeleton bites mathso's ghost but does no damage.
Mathso's ghost hits your giant gecko skeleton!
Your giant gecko skeleton is destroyed!
Your unstable footing causes you to fumble your attack.
Mathso's ghost hits you!
Your unstable footing causes you to fumble your attack.
Your giant gecko skeleton bites mathso's ghost but does no damage.
Mathso's ghost hits you!
You closely miss mathso's ghost.
Mathso's ghost is lightly damaged.
Your giant gecko skeleton bites mathso's ghost.
Mathso's ghost hits you but does no damage.
You closely miss mathso's ghost.
Mathso's ghost is lightly damaged.
Your giant gecko skeleton bites mathso's ghost.
Mathso's ghost completely misses your giant gecko skeleton.
Your unstable footing causes you to fumble your attack.
Your giant gecko skeleton barely misses mathso's ghost.
Mathso's ghost hits you!
You die...

######≈≈.# ≈ #≈≈≈# ≈≈
#≈≈≈# #≈≈≈ #.≈.#
#≈≈≈################≈≈≈#
#≈≈≈≈≈.≈≈≈≈≈≈≈≈≈≈.≈≈≈≈.#
#≈≈≈≈≈≈≈≈≈≈≈≈≈≈≈≈≈≈≈≈≈≈#
#≈≈≈≈≈≈.≈≈≈..pz≈≈≈≈≈≈≈≈#
#≈≈≈##≈≈≈###.#@≈≈###≈≈≈#
# #≈≈≈# ###≈≈≈# #≈≈≈#
#%≈z# #.≈≈# #≈≈≈# #≈≈≈#
##..###≈≈≈# #≈≈z#
#...##≈≈≈# #≈≈≈#
#..###≈≈≈# #.≈≈#
##..###≈≈≈# #.≈≈##
#....##≈≈≈#
##...≈####.∩...#


You could see mathso's ghost and a friendly giant gecko skeleton.

Vanquished Creatures
  4 adders (D:2)
  3 giant mites
  7 giant geckos
  An ooze (Sewer)
  2 ball pythons (Sewer)
  4 giant cockroaches
  2 goblins (D:2)
  2 hobgoblins
  3 jackals (Sewer)
  3 kobolds
  6 bats
  2 giant newts
  2 rats
41 creatures vanquished.

Vanquished Creatures (collateral kills)
  A big fish zombie (D:2)
  An adder (D:2)
  A giant gecko (D:2)
  3 bats (Sewer)
  A goblin (D:1)
  2 hobgoblins (D:2)
  A jackal (Sewer)
  A quokka (D:2)
  2 giant cockroaches (D:2)
  2 kobolds
  A rat (D:2)
16 creatures vanquished.

Vanquished Creatures (others)
  2 adder skeletons (D:2)
  A bat skeleton (D:2)
  A goblin (D:1)
  A hobgoblin (D:1)
  A ball python skeleton (Sewer)
  2 giant gecko skeletons
  A giant newt skeleton (Sewer)
  A goblin skeleton (D:2)
  A hobgoblin skeleton (D:2)
  A jackal skeleton (Sewer)
  3 kobold skeletons
  A quokka skeleton (D:2)
  A rat skeleton (D:2)
17 creatures vanquished.

Grand Total: 74 creatures vanquished

Notes
Turn   | Place    | Note
--------------------------------------------------------------
     0 | D:1      | Mitsuki, the Mummy Necromancer, began the quest for the Orb.
     0 | D:1      | Reached XP level 1. HP: 13/13 MP: 3/3
    35 | D:1      | Learned a level 1 spell: Animate Skeleton
   271 | D:1      | Found a sparkling altar of Nemelex Xobeh.
   770 | D:1      | Reached XP level 2. HP: 8/19 MP: 0/4
  1168 | D:2      | Reached skill level 5 in Necromancy
  1168 | D:2      | Reached XP level 3. HP: 10/24 MP: 1/6
  1191 | D:2      | HP: 1/24 [adder (4)]
  1836 | D:2      | Learned a level 3 spell: Vampiric Draining
  2001 | D:2      | Reached XP level 4. HP: 28/30 MP: 5/7
  2130 | D:2      | Found a basalt altar of Yredelemnul.
  2529 | D:3      | Found a glowing drain.
  2658 | Sewer    | Entered a sewer
  3212 | Sewer    | Noticed mathso's ghost (average HEGl)
  3303 | Sewer    | Slain by mathso's ghost

Action                   |  1- 3 |  4- 6 || total
-------------------------+-------+-------++-------
Melee: Unarmed           |    10 |    27 ||    37
 Cast: Pain              |    35 |    46 ||    81
       Animate Skeleton  |    14 |     5 ||    19
       Vampiric Draining |       |     1 ||     1
  Use: Scroll            |     8 |       ||     8
 Stab: Distracted        |     1 |       ||     1
